 Dungeon Crawl Stone Soup version 0.27.0-1-g7a089689b8 (webtiles) character file.

Game seed: 12052725456455733062

1915 hawla the Reanimator (level 8, 0/45 HPs)
             Began as a Deep Elf Necromancer on Aug 2, 2021.
             Slain by a wraith (9 damage)
             ... on level 5 of the Dungeon on Aug 3, 2021.
             The game lasted 00:31:49 (10272 turns).

hawla the Reanimator (Deep Elf Necromancer)        Turns: 10272, Time: 00:31:50

Health: 0/45       AC:  5    Str:  5    XL:     8   Next: 95%
Magic:  11/22      EV: 15    Int: 23    God:
Gold:   282        SH:  0    Dex: 21    Spells: 10/23 levels left

rFire    . . .     SeeInvis .   g - staff of death
rCold    . . .     Faith    .   (no shield)
rNeg     + . .     Spirit   .   f - +2 robe {Will+}
rPois    +         Reflect  .   p - +0 helmet
rElec    .         Harm     .   (no cloak)
rCorr    .         Rampage  .   (no gloves)
Will     +....                  (no boots)
Stlth    +++.......             (no amulet)
HPRegen  0.15/turn              e - +6 ring of dexterity
MPRegen  0.18/turn              c - ring of poison resistance

@: slowed, very slow
A: no striking features
a: no special abilities


You were on level 5 of the Dungeon.
You visited 1 branch of the dungeon, and saw 6 of its levels.

You collected 282 gold pieces.

Inventory:

Missiles
 a - 11 poisoned darts (quivered)
 l - 10 atropa-tipped darts
 m - 16 stones
Armour
 f - a +2 robe of willpower (worn)
 p - a +0 helmet (worn)
Magical Staves
 g - a staff of death (weapon)
Jewellery
 c - a ring of poison resistance (right hand)
 e - a +6 ring of dexterity (left hand)
 h - a ring of fire
 j - the ring of Iqel {Will- Str+6 Int+6}
   (You acquired it on level 5 of the Dungeon)

   [ring of intelligence]

   Str:       It affects your strength (+6).
   Int:       It affects your intelligence (+6).
   Will:      It decreases your willpower.
Scrolls
 d - a scroll of enchant weapon
 i - 2 scrolls of fog
 q - a scroll of identify


   Skills:
 + Level 2.5 Fighting
 + Level 4.7 Staves
 + Level 3.5 Throwing
 + Level 4.6 Dodging
 + Level 3.6 Stealth
 + Level 8.1 Spellcasting
 + Level 0.1 Conjurations
 + Level 8.2 Necromancy
 + Level 0.1 Fire Magic
 + Level 1.7 Evocations


You had 10 spell levels left.
You knew the following spells:

 Your Spells              Type           Power      Damage    Failure   Level
a - Pain                  Necr           100%       1d9       1%          1
b - Vampiric Draining     Necr           31%        2d10      1%          3
c - Animate Dead          Necr           31%        N/A       2%          4
e - Agony                 Necr           63%        N/A       6%          5

Your spell library contained the following spells:

 Spells                   Type           Power      Damage    Failure   Level
 Animate Skeleton         Necr           100%       N/A       1%          1
 Foxfire                  Conj/Fire      36%        2x1d5     7%          1
 Conjure Flame            Conj/Fire      9%         6-21      21%         3
 Inner Flame              Hex/Fire       9%         N/A       21%         3
 Chain Lightning          Conj/Air       4%         3d6       100%        9
 Fire Storm               Conj/Fire      4%         8d1       100%        9


Dungeon Overview and Level Annotations

Branches:
Dungeon (6/15)             Temple (0/1) D:4

Altars:
Hepliaklqana
Wu Jian

Annotations:
D:3 3 runed translucent doors, dig the treasure, JBAR's ghost, amateur GrFi; Sin92's ghost, amateur DsFi
D:4 temple entrance, exclusion: oklob sapling
D:5 2 runed translucent doors
D:6 Eustachio


Message History

You feel yourself slow down. The scorpion stings your hound zombie.
You closely miss the wraith.
Your hound zombie bites the wraith but does no damage.
The wraith hits you. The wraith drains your vigour!
You feel as though you will be slow longer.
The scorpion stings your hound zombie.
Your hound zombie barely misses the wraith.
The wraith hits you but does no damage.
The scorpion closely misses your hound zombie.
You hit the wraith but do no damage.
Your hound zombie bites the wraith but does no damage.
A sky beast appears from thin air!
A sky beast comes into view. x2
The scorpion barely misses your hound zombie.
Your hound zombie bites the wraith but does no damage.
The wraith barely misses you. The sky beast hits your hound zombie.
The sky beast shocks your hound zombie.
Your hound zombie is destroyed!
As you read the scroll of fear, it crumbles to dust.
You assume a fearsome visage.
The scorpion looks frightened!
The sky beast looks frightened!
The wraith is unaffected.
The wraith closely misses you. The wraith misses you.
You closely miss the wraith. The wraith completely misses you.
Cornered, the scorpion turns to fight!
You hit the wraith.
The wraith is lightly damaged.
The wraith hits you! The wraith drains your vigour!
You feel as though you will be slow longer.
The wraith closely misses you.
You hit the wraith but do no damage. The wraith hits you.
* * * LOW HITPOINT WARNING * * *
You aren't carrying any potions.
You aren't carrying any items that you can evoke.
Throw: 12 darts (poison)
Press: ? - help, Q - select action, (/) - cycle Shift-Dir - straight line, f - scorpion
Aim: a scorpion (64% to hit)
You throw a poisoned dart.
The poisoned dart barely misses the scorpion.
The wraith misses you. The scorpion closely misses you. The wraith hits you!
You die...

.>..####.#####..###....## ##.#.
.....##.### #.## ###...## #...
..........####..#####....## ##..
........<...##........#...## #..
##..##.....########...##...####..
#..###...###......###.###........
..## #####...####...### ##...####
..# ###...###...##...###....## #
.#####....##$...@s#.....###...###
...##..^Z##..####W.##^...###..##.
...#....## ##).##....###....
.###....# ##..#....# ##..#
..##....# ?8#....###....
#..#....# ..#....##..#..
#..#....# ..#....##.....
#..#....# .8#....#......
#..#....# ..#....#......


You could see a wraith and a scorpion.

Vanquished Creatures
  Pikel (D:5)
  A troll (D:5)
  Sigmund (D:3)
  A sky beast (D:5)
  An ice beast (D:6)
  An ogre (D:5)
  2 lemures (D:6)
  A phantom (D:4)
  2 howler monkeys
  6 hounds
  A jelly (D:5)
  2 bullfrog skeletons (D:5)
  2 iguanas
  A scorpion zombie (D:5)
  A hound skeleton (D:4)
  A howler monkey zombie (D:5)
  Robin (D:4)
  8 adders
  4 gnolls
  A howler monkey skeleton (D:5)
  An ufetubus (D:4)
  An adder skeleton (D:4)
  2 worms (D:2)
  2 dart slugs
  4 orcs (D:5)
  9 ball pythons
  13 endoplasms
  7 giant cockroaches
  11 goblins
  10 hobgoblins
  3 jackals (D:3)
  5 kobolds
  4 quokkas
  5 bats
  3 frilled lizards
  6 rats
125 creatures vanquished.

Vanquished Creatures (collateral kills)
  A water moccasin (D:5)
  A centaur skeleton (D:5)
  A goblin (D:3)
3 creatures vanquished.

Vanquished Creatures (others)
  21 plants (D:4)
  6 withered plants (D:3)
27 creatures vanquished.

Grand Total: 155 creatures vanquished

Notes
Turn   | Place    | Note
-------+----------+-------------------------------------------
     0 | D:1      | hawla the Deep Elf Necromancer began the quest for the Orb.
     0 | D:1      | Reached XP level 1. HP: 10/10 MP: 6/6
   446 | D:1      | Reached XP level 2. HP: 14/16 MP: 6/8
   573 | D:1      | Reached skill level 5 in Necromancy
  1516 | D:2      | Reached skill level 1 in Fighting
  1516 | D:2      | Reached XP level 3. HP: 13/20 MP: 7/10
  1520 | D:2      | Learned a level 3 spell: Vampiric Draining
  2294 | D:2      | Found a hazy altar of Hepliaklqana.
  2405 | D:2      | Reached skill level 1 in Staves
  2405 | D:2      | Reached skill level 1 in Throwing
  2405 | D:2      | Reached skill level 1 in Evocations
  2405 | D:2      | Reached XP level 4. HP: 11/25 MP: 0/12
  2410 | D:2      | Learned a level 4 spell: Animate Dead
  3387 | D:3      | Found a runed translucent gate.
  3387 | D:3      | Found a runed translucent gate.
  3387 | D:3      | Found a runed translucent gate.
  3388 | D:3      | Noticed JBAR's ghost (amateur GrFi)
  3390 | D:3      | Noticed Sin92's ghost (amateur DsFi)
  3675 | D:3      | Noticed Sigmund
  3681 | D:3      | Killed Sigmund
  3682 | D:3      | Reached XP level 5. HP: 18/29 MP: 1/13
  3682 | D:3      | Reached XP level 6. HP: 21/34 MP: 1/14
  3957 | D:3      | Found an ornate altar of the Wu Jian Council.
  4625 | D:4      | Noticed Robin
  4946 | D:4      | Killed Robin
  5394 | D:4      | Reached skill level 5 in Spellcasting
  5394 | D:4      | Reached XP level 7. HP: 33/39 MP: 16/16
  5709 | D:4      | Found a staircase to the Ecumenical Temple.
  6632 | D:5      | Entered Level 5 of the Dungeon
  6702 | D:5      | Learned a level 3 spell: Conjure Flame
  6969 | D:5      | Identified a scroll of acquirement
  6969 | D:5      | Acquired the ring of Iqel {Will- Str+6 Int+6}
  7050 | D:5      | Learned a level 5 spell: Agony
  7357 | D:5      | Found a large runed translucent door.
  7358 | D:5      | Found a large runed translucent door.
  7823 | D:5      | Noticed a troll
  7830 | D:5      | Killed a troll
  7831 | D:5      | Reached XP level 8. HP: 34/44 MP: 2/20
  8137 | D:5      | Noticed Pikel
  8669 | D:6      | Noticed Eustachio
 10061 | D:5      | Killed Pikel
 10272 | D:5      | Slain by a wraith

Illustrated notes

Levels and vault maps discovered:
D:1:      scummos_arrival_simple_crosswalls, layout_basic, minmay_heptomino_w4
D:2:      layout_basic, basic_altar, chequers_decorated_corner,
          kennysheep_cross_bottleneck, minmay_3d_cube
D:3:      layout_loops_cross, nzn_wu_jian_contemplation,
          gammafunk_ghost_cemetery, due_unseen_surprise, uniq_sigmund
D:4:      layout_basic, minmay_temple_entry_oklob, uniq_robin
D:5:      layout_layer_cave, jmf_multi_god_temple2, nzn_random_ring, uniq_pikel
D:6:      layout_basic, uniq_eustachio

Skill      XL: |  1  2  3  4  5  6  7  8 |
---------------+-------------------------+-----
Necromancy     | 5 6 7 8 |  8.2
Stealth        | 3 |  3.6
Fighting       | 1 2 |  2.5
Dodging        | 3 4 |  4.6
Spellcasting   | 4 5 6 8 |  8.1
Staves         | 1 3 4 |  4.7
Throwing       | 1 3 |  3.5
Evocations     | 1 |  1.7
Conjurations   | |  0.1
Fire Magic     | |  0.1

Action                   |  1- 3 |  4- 6 |  7- 9 || total
-------------------------+-------+-------+-------++-------
Melee: Staff             |     1 |    46 |   119 ||   166
Throw: Dart              |       |     1 |    28 ||    29
 Cast: Pain              |    71 |    60 |    68 ||   199
       Vampiric Draining |     3 |    11 |    19 ||    33
       Animate Dead      |       |     5 |     8 ||    13
       Conjure Flame     |       |       |     3 ||     3
       Agony             |       |       |     7 ||     7
Evoke: Wand              |       |     8 |    14 ||    22
  Use: Scroll            |     5 |     6 |     6 ||    17
       Potion            |     1 |     1 |     4 ||     6
 Stab: Sleeping          |       |     2 |     1 ||     3
Armor: Robe              |     1 |    27 |    39 ||    67
Dodge: Dodged            |    15 |    67 |   133 ||   215
